TOP OF THE 1ST |
Lynn Sailors batting - Pitching for Elmira Pioneers : RHP Russell McDonald
|
Pitching: RHP Russell McDonald
|
|
Batting: SHB Curt Bryan
|
0-0: Ground out 6-3 (Groundball, 6, EV 103.1 MPH)
|
Batting: RHB Ron Wotus
|
0-0: SINGLE (Groundball, 6MD, EV 96.3 MPH)
|
Batting: LHB Marvell Wynne
|
0-0: Called Strike 0-1: Ball 1-1: Called Strike 1-2: Strikes out swinging
|
Batting: RHB Danny Tartabull
|
0-0: Ball 1-0: Ball 2-0: Foul Ball, location: 2F 2-1: Foul Ball, location: 2F 2-2: Strikes out swinging
|
Top of the 1st over - 0 runs, 1 hit, 0 errors, 1 left on base; Lynn 0 - Elmira 0 |
BOTTOM OF THE 1ST |
Elmira Pioneers batting - Pitching for Lynn Sailors : RHP Eric Broersma
|
Pitching: RHP Eric Broersma
|
|
Batting: RHB Fred Manrique
|
0-0: Ball 1-0: Swinging Strike 1-1: Swinging Strike 1-2: Ball 2-2: Ball 3-2: Fly out, F2 (Popup, 23F, EV 79.4 MPH)
|
Batting: LHB Neil Fiala
|
0-0: Fly out, F7 (Flyball, 7LD, EV 92.5 MPH)
|
Batting: LHB Pat Sheridan
|
0-0: Foul Ball, location: 2F 0-1: Ground out 4-3 (Groundball, 4, EV 95.6 MPH)
|
Bottom of the 1st over - 0 runs, 0 hits, 0 errors, 0 left on base; Lynn 0 - Elmira 0 |
TOP OF THE 2ND |
Lynn Sailors batting - Pitching for Elmira Pioneers : RHP Russell McDonald
|
Batting: RHB Lee Wenzel
|
0-0: Called Strike 0-1: Ball 1-1: Ball 2-1: Foul Ball, location: 2F 2-2: Foul Ball, location: 2F 2-2: Ground out 5-3 (Groundball, 56, EV 108.1 MPH)
|
Batting: RHB Paul Runge
|
0-0: Called Strike 0-1: SINGLE (Groundball, 34D, EV 103.8 MPH)
|
Batting: RHB Michael Codiroli
|
0-0: Ball 1-0: Called Strike 1-1: Called Strike 1-2: Fly out, F8 (Flyball, 8LD, EV 89.4 MPH)
|
Batting: RHB Pablo Cardiel
|
0-0: Ball 1-0: Called Strike 1-1: Ball 2-1: Fly out, F8 (Line Drive, 8LM, EV 90.6 MPH)
|
Top of the 2nd over - 0 runs, 1 hit, 0 errors, 1 left on base; Lynn 0 - Elmira 0 |
BOTTOM OF THE 2ND |
Elmira Pioneers batting - Pitching for Lynn Sailors : RHP Eric Broersma
|
Batting: RHB Paul O'Neill
|
0-0: Swinging Strike 0-1: Ball 1-1: Ball 2-1: Ball 3-1: DOUBLE (Line Drive, 89D, EV 104.4 MPH)
|
Batting: RHB Greg Baker
|
0-0: Fly out, F4 (Flyball, 4D, EV 88.8 MPH)
|
Batting: SHB Esteban Mendez
|
0-0: Ball 1-0: Fly out, F7 (Flyball, 78S, EV 75.6 MPH)
|
Batting: RHB Greg Keatley
|
0-0: Ball 1-0: Called Strike 1-1: Fly out, F4 (Popup, 4, EV 75.6 MPH)
|
Bottom of the 2nd over - 0 runs, 1 hit, 0 errors, 1 left on base; Lynn 0 - Elmira 0 |
TOP OF THE 3RD |
Lynn Sailors batting - Pitching for Elmira Pioneers : RHP Russell McDonald
|
Batting: SHB Tim Blackwell
|
0-0: Ball 1-0: Ball 2-0: Called Strike 2-1: Ball 3-1: Called Strike 3-2: Base on Balls
|
Batting: SHB Curt Bryan
|
0-0: Swinging Strike 0-1: Ball 1-1: Fielders Choice at 2nd, 3-6 (Groundball, 3, EV 105.0 MPH)
|
Batting: RHB Ron Wotus
|
0-0: Called Strike 0-1: Ball 1-1: Swinging Strike 1-2: SINGLE (Groundball, 34D, EV 100.0 MPH) (infield hit) Curt Bryan to second
|
Batting: LHB Marvell Wynne
|
0-0: Ball 1-0: Ball 2-0: Called Strike 2-1: Called Strike 2-2: Ball 3-2: Foul Ball, location: 2F 3-2: Foul Ball, location: 2F 3-2: Base on Balls Curt Bryan to third Ron Wotus to second
|
Batting: RHB Danny Tartabull
|
0-0: Foul Ball, location: 2F 0-1: Ball 1-1: Ball 2-1: Grounds into double play, 4-6-3 (Groundball, 4, EV 103.8 MPH)
|
Top of the 3rd over - 0 runs, 1 hit, 0 errors, 2 left on base; Lynn 0 - Elmira 0 |
BOTTOM OF THE 3RD |
Elmira Pioneers batting - Pitching for Lynn Sailors : RHP Eric Broersma
|
Batting: RHB Richard Givens
|
0-0: Ball 1-0: Ball 2-0: Foul Ball, location: 2F 2-1: Ground out 6-3 (Groundball, 56, EV 87.5 MPH)
|
Batting: LHB German Barranca
|
0-0: Ball 1-0: Called Strike 1-1: Foul Ball, location: 2F 1-2: Foul Ball, location: 2F 1-2: Ground out 1-3 (Groundball, 13S, EV 74.4 MPH)
|
Batting: RHB Fred Manrique
|
0-0: Called Strike 0-1: Called Strike 0-2: Foul Ball, location: 2F 0-2: Ball 1-2: Foul Ball, location: 2F 1-2: Foul Ball, location: 2F 1-2: Strikes out swinging
|
Bottom of the 3rd over - 0 runs, 0 hits, 0 errors, 0 left on base; Lynn 0 - Elmira 0 |
TOP OF THE 4TH |
Lynn Sailors batting - Pitching for Elmira Pioneers : RHP Russell McDonald
|
Batting: RHB Lee Wenzel
|
0-0: Foul Ball, location: 2F 0-1: Ball 1-1: Foul Ball, location: 2F 1-2: Ball 2-2: Ball 3-2: DOUBLE (Line Drive, 7LS, EV 107.5 MPH)
|
Batting: RHB Paul Runge
|
0-0: Ball 1-0: Foul Ball, location: 2F 1-1: Foul Ball, location: 2F 1-2: Foul Ball, location: 2F 1-2: Ball 2-2: DOUBLE (Flyball, 8RXD, EV 106.3 MPH) Lee Wenzel scores
|
Batting: RHB Michael Codiroli
|
0-0: Called Strike 0-1: Fly out, F4 (Popup, 4, EV 67.5 MPH)
|
Batting: RHB Pablo Cardiel
|
0-0: Ball 1-0: Called Strike 1-1: Foul Ball, location: 2F 1-2: Fly out, F7 (Flyball, 7S, EV 82.5 MPH)
|
Batting: SHB Tim Blackwell
|
0-0: Called Strike 0-1: Ball 1-1: Fly out, F1 (Line Drive, P, EV 61.9 MPH)
|
Top of the 4th over - 1 run, 2 hits, 0 errors, 1 left on base; Lynn 1 - Elmira 0 |
BOTTOM OF THE 4TH |
Elmira Pioneers batting - Pitching for Lynn Sailors : RHP Eric Broersma
|
Batting: LHB Neil Fiala
|
0-0: Foul Ball, location: 2F 0-1: SINGLE (Groundball, 56D, EV 110.0 MPH)
|
Batting: LHB Pat Sheridan
|
0-0: Ball 1-0: Fly out, F9 (Flyball, 89M, EV 93.1 MPH)
|
Batting: RHB Paul O'Neill
|
0-0: Ball 1-0: Ball 2-0: Foul Ball, location: 2F 2-1: Foul Ball, location: 2F 2-2: DOUBLE (Flyball, 8LXD, EV 92.5 MPH) Neil Fiala to third Runner from 3rd tries for Home, SAFE, throw by CF to home
|
Pinch Runner at 2nd Frank LaBella:
|
|
Batting: RHB Greg Baker
|
0-0: Foul Ball, location: 2F 0-1: Ball 1-1: Foul Ball, location: 2F 1-2: SINGLE (Line Drive, 89S, EV 107.5 MPH) Frank LaBella to third Runner from 3rd tries for Home, SAFE, no throw by RF
|
Batting: SHB Esteban Mendez
|
0-0: Fly out, F7 (Flyball, 7LM, EV 103.8 MPH)
|
Batting: RHB Greg Keatley
|
0-0: Called Strike 0-1: Ball 1-1: Ground out 5-3 (Groundball, 56S, EV 71.9 MPH)
|
Bottom of the 4th over - 2 runs, 3 hits, 0 errors, 1 left on base; Lynn 1 - Elmira 2 |
TOP OF THE 5TH |
Lynn Sailors batting - Pitching for Elmira Pioneers : RHP Russell McDonald
|
Now at 2B: Frank LaBella
|
|
Batting: SHB Curt Bryan
|
0-0: Ball 1-0: Called Strike 1-1: Ball 2-1: Ball 3-1: Foul Ball, location: 2F 3-2: Base on Balls
|
Batting: RHB Ron Wotus
|
0-0: Foul Ball, location: 2F 0-1: Called Strike Curt Bryan steals 2nd base (no throw) 0-2: Ground out 5-3 (Groundball, 56, EV 107.5 MPH)
|
Batting: LHB Marvell Wynne
|
0-0: Called Strike 0-1: Fly out, F8 (Line Drive, 8RD, EV 90.0 MPH)
|
Batting: RHB Danny Tartabull
|
0-0: Ground out 6-3 (Groundball, 6, EV 78.1 MPH)
|
Top of the 5th over - 0 runs, 0 hits, 0 errors, 1 left on base; Lynn 1 - Elmira 2 |
BOTTOM OF THE 5TH |
Elmira Pioneers batting - Pitching for Lynn Sailors : RHP Eric Broersma
|
Batting: RHB Richard Givens
|
0-0: Ball 1-0: DOUBLE (Groundball, 5L, EV 103.1 MPH)
|
Batting: LHB German Barranca
|
0-0: Foul Ball, location: 2F 0-1: Ball 1-1: Ball 2-1: Ball 3-1: Foul Ball, location: 2F 3-2: Reached on error, E6 (Groundball, 6, EV 83.1 MPH) Richard Givens to third
|
Batting: RHB Fred Manrique
|
0-0: Ball 1-0: Ball 2-0: Called Strike 2-1: TRIPLE (Line Drive, 9LD, EV 103.1 MPH) Richard Givens scores German Barranca scores
|
Batting: LHB Neil Fiala
|
0-0: Fly out, F7 (Line Drive, 7D, EV 91.9 MPH) Runner from 3rd tags up, OUT at HOME! 7-2
|
Batting: LHB Pat Sheridan
|
0-0: Ball 1-0: Ball 2-0: Ball 3-0: Called Strike 3-1: SINGLE (Groundball, 6D, EV 105.0 MPH)
|
Batting: RHB Frank LaBella
|
0-0: Ball 1-0: Ball 2-0: SINGLE (Line Drive, 5D, EV 109.4 MPH) Pat Sheridan to second
|
Batting: RHB Greg Baker
|
0-0: Called Strike 0-1: Swinging Strike 0-2: Ball 1-2: Ground out 5-3 (Groundball, 56S, EV 79.4 MPH)
|
Bottom of the 5th over - 2 runs, 4 hits, 1 error, 2 left on base; Lynn 1 - Elmira 4 |
TOP OF THE 6TH |
Lynn Sailors batting - Pitching for Elmira Pioneers : RHP Russell McDonald
|
Batting: RHB Lee Wenzel
|
0-0: Ball 1-0: Called Strike 1-1: Foul Ball, location: 2F 1-2: Ball 2-2: Ball 3-2: Foul Ball, location: 2F 3-2: Strikes out swinging, 2-3 out at first.
|
Batting: RHB Paul Runge
|
0-0: Swinging Strike 0-1: Foul Ball, location: 2F 0-2: Strikes out swinging
|
Batting: RHB Michael Codiroli
|
0-0: Called Strike 0-1: Foul Ball, location: 2F 0-2: Ball 1-2: Ball 2-2: Fly out, F8 (Line Drive, 8RM, EV 85.6 MPH)
|
Top of the 6th over - 0 runs, 0 hits, 0 errors, 0 left on base; Lynn 1 - Elmira 4 |
BOTTOM OF THE 6TH |
Elmira Pioneers batting - Pitching for Lynn Sailors : RHP Eric Broersma
|
Batting: SHB Esteban Mendez
|
0-0: Called Strike 0-1: Ground out 6-3 (Groundball, 56, EV 109.4 MPH)
|
Batting: RHB Greg Keatley
|
0-0: Ball 1-0: Foul Ball, location: 2F 1-1: Swinging Strike 1-2: Ball 2-2: Ball 3-2: Base on Balls
|
Batting: RHB Richard Givens
|
0-0: SINGLE (Line Drive, 6D, EV 94.4 MPH) Greg Keatley to second
|
Batting: LHB German Barranca
|
0-0: Fly out, F7 (Line Drive, 7, EV 103.8 MPH)
|
Batting: RHB Fred Manrique
|
0-0: Ball 1-0: Ball 2-0: Called Strike 2-1: Fly out, F9 (Line Drive, 9D, EV 100.0 MPH)
|
Bottom of the 6th over - 0 runs, 1 hit, 0 errors, 2 left on base; Lynn 1 - Elmira 4 |
TOP OF THE 7TH |
Lynn Sailors batting - Pitching for Elmira Pioneers : RHP Russell McDonald
|
Batting: RHB Pablo Cardiel
|
0-0: Called Strike 0-1: Ball 1-1: Foul Ball, location: 2F 1-2: Foul Ball, location: 2F 1-2: Strikes out looking
|
Batting: SHB Tim Blackwell
|
0-0: Called Strike 0-1: Ball 1-1: Ball 2-1: Foul Ball, location: 2F 2-2: Fly out, F7 (Flyball, 7D, EV 95.6 MPH)
|
Batting: SHB Curt Bryan
|
0-0: Swinging Strike 0-1: Ball 1-1: Ball 2-1: Foul Ball, location: 2F 2-2: Foul Ball, location: 2F 2-2: Strikes out swinging
|
Top of the 7th over - 0 runs, 0 hits, 0 errors, 0 left on base; Lynn 1 - Elmira 4 |
BOTTOM OF THE 7TH |
Elmira Pioneers batting - Pitching for Lynn Sailors : RHP Eric Broersma
|
Batting: LHB Neil Fiala
|
0-0: Foul Ball, location: 2F
|
|
|
|
0-1: Ball 1-1: Foul Ball, location: 2F 1-2: Foul Ball, location: 2F 1-2: Ball 2-2: Ball 3-2: Base on Balls
|
Pitching: RHP Mark Fellows
|
|
Batting: LHB Pat Sheridan
|
0-0: Ball 1-0: Called Strike 1-1: Ball 2-1: Ball 3-1: Called Strike 3-2: Ground out 5-3 (Groundball, 56S, EV 64.4 MPH) Neil Fiala to second
|
Batting: RHB Frank LaBella
|
0-0: Called Strike 0-1: Swinging Strike 0-2: Ball 1-2: Ball 2-2: Strikes out swinging
|
Batting: RHB Greg Baker
|
0-0: Ball 1-0: Ball 2-0: Ball 3-0: Called Strike 3-1: Swinging Strike 3-2: Base on Balls
|
Batting: SHB Esteban Mendez
|
0-0: Ball 1-0: Called Strike 1-1: Called Strike 1-2: Foul Ball, location: 2F 1-2: Ball 2-2: SINGLE (Line Drive, 78M, EV 92.5 MPH) Neil Fiala to third Greg Baker to second Runner from 3rd tries for Home, SAFE, throw by LF to home
|
Batting: RHB Greg Keatley
|
0-0: Ball 1-0: Ball 2-0: Ball 3-0: Called Strike 3-1: Base on Balls Greg Baker to third Esteban Mendez to second
|
Batting: RHB Richard Givens
|
0-0: Foul Ball, location: 2F 0-1: DOUBLE (Groundball, 5L, EV 101.9 MPH) Greg Baker scores Esteban Mendez scores Greg Keatley to third Runner from 3rd tries for Home, SAFE, throw by LF to home
|
Batting: LHB German Barranca
|
0-0: Called Strike 0-1: Foul Ball, location: 2F 0-2: Foul Ball, location: 2F 0-2: Ball 1-2: Foul Ball, location: 2F 1-2: Strikes out swinging
|
Bottom of the 7th over - 4 runs, 2 hits, 0 errors, 1 left on base; Lynn 1 - Elmira 8 |
TOP OF THE 8TH |
Lynn Sailors batting - Pitching for Elmira Pioneers : RHP Russell McDonald
|
Pitching: RHP Renie Martin
|
|
Pinch Hitting: RHB John Stevenson
|
0-0: Foul Ball, location: 2F 0-1: Foul Ball, location: 2F 0-2: Strikes out swinging
|
Pinch Hitting: SHB Kenny Young
|
0-0: Ball 1-0: Foul Ball, location: 2F 1-1: Ground out 5-3 (Groundball, 56, EV 110.6 MPH)
|
Batting: RHB Danny Tartabull
|
0-0: Swinging Strike 0-1: Ball 1-1: Foul Ball, location: 2F 1-2: Ball 2-2: Strikes out swinging
|
Top of the 8th over - 0 runs, 0 hits, 0 errors, 0 left on base; Lynn 1 - Elmira 8 |
BOTTOM OF THE 8TH |
Elmira Pioneers batting - Pitching for Lynn Sailors : RHP Mark Fellows
|
Now at SS: John Stevenson
|
|
Now in CF: Kenny Young
|
|
Batting: RHB Fred Manrique
|
0-0: Fly out, F9 (Flyball, 89M, EV 90.0 MPH)
|
Batting: LHB Neil Fiala
|
0-0: SINGLE (Groundball, 34D, EV 98.1 MPH)
|
Batting: LHB Pat Sheridan
|
0-0: Ball 1-0: Ball 2-0: Foul Ball, location: 2F 2-1: SINGLE (Line Drive, 9LS, EV 100.0 MPH) Neil Fiala to second
|
Batting: RHB Frank LaBella
|
0-0: Called Strike 0-1: DOUBLE (Flyball, 5D, EV 100.6 MPH) Neil Fiala scores Pat Sheridan to third
|
Batting: RHB Greg Baker
|
0-0: Ball 1-0: Swinging Strike 1-1: Ball 2-1: Ball 3-1: Foul Ball, location: 2F 3-2: Fly out, F7 (Flyball, 7, EV 86.9 MPH) Runner from 3rd tags up, SCORES, throw by LF
|
Pitching: LHP Rick Adair
|
|
Batting: SHB Esteban Mendez
|
0-0: Reached on error, E6 (Groundball, 6, EV 106.3 MPH) Frank LaBella to third
|
Batting: RHB Greg Keatley
|
0-0: Ball 1-0: Fly out, F9 (Flyball, 9LM, EV 86.3 MPH)
|
Bottom of the 8th over - 2 runs, 3 hits, 1 error, 2 left on base; Lynn 1 - Elmira 10 |
TOP OF THE 9TH |
Lynn Sailors batting - Pitching for Elmira Pioneers : RHP Renie Martin
|
Pinch Hitting: SHB Rosben Majam
|
0-0: Called Strike 0-1: SINGLE (Flyball, 34D, EV 90.6 MPH)
|
Batting: RHB Paul Runge
|
0-0: Called Strike 0-1: Swinging Strike 0-2: Ball 1-2: Ball 2-2: Strikes out swinging
|
Batting: RHB Michael Codiroli
|
0-0: Ball 1-0: Ball 2-0: Foul Ball, location: 2F 2-1: Foul Ball, location: 2F 2-2: Ball 3-2: Base on Balls Rosben Majam to second
|
Batting: RHB Pablo Cardiel
|
0-0: Fly out, F8 (Flyball, 89D, EV 86.9 MPH) Runner from 2nd tags up, SAFE at 3rd, no throw by CF
|
Batting: SHB Tim Blackwell
|
0-0: Ground out 6-3 (Groundball, 56, EV 102.5 MPH)
|
Top of the 9th over - 0 runs, 1 hit, 0 errors, 2 left on base; Lynn 1 - Elmira 10 |
|